 Dungeon Crawl Stone Soup version 0.30-a0-737-gf23d94013f (webtiles) character file.

Game seed: 2620263348119299846

910 BigDaddyOpFi the Trooper (level 7, -5/56 HPs)
             Began as a Demonspawn Fighter on Feb 2, 2023.
             Slain by a gnoll
             ... wielding a +0 spear
             ... led by a gnoll bouda
              (6 damage)
             ... on level 5 of the Dungeon.
             The game lasted 00:03:51 (3933 turns).

BigDaddyOpFi the Trooper (Demonspawn Fighter)       Turns: 3933, Time: 00:03:51

Health: -5/56      AC: 10    Str: 18    XL:     7   Next: 81%
Magic:  7/7        EV:  9    Int:  9    God:
Gold:   220        SH:  6    Dex: 13    Spells: 6/6 levels left

rFire   x . .      SeeInvis .    a - +0 war axe
rCold   + . .      Faith    .    c - +1 buckler
rNeg    . . .      Spirit   .    b - +0 scale mail
rPois   .          Reflect  .    (no helmet)
rElec   .          Harm     .    (no cloak)
rCorr   .          Rampage  .    (no gloves)
Will    .....                    f - +0 pair of boots Stlth
                                 (no amulet)
HPRegen 0.29/turn                m - ring of ice
MPRegen 0.10/turn                (no ring)

@: mighty
A: hooves 1, thin metallic scales 1, spiny 1
a: no special abilities


You were on level 5 of the Dungeon.
You visited 1 branch of the dungeon, and saw 5 of its levels.

You collected 220 gold pieces.

Inventory:

Hand Weapons
 a - a +0 war axe (weapon)
 n - a +5 sling
Missiles
 g - 29 stones
 o - 4 throwing nets
Armour
 b - a +0 scale mail (worn)
 c - a +1 buckler (worn)
 f - a +0 pair of boots (worn)
Jewellery
 m - a ring of ice (left hand)
Wands
 r - a wand of mindburst (18)
 t - a wand of digging (5) (quivered)
 w - a wand of acid (11)
Scrolls
 h - a scroll of fear
 i - a scroll of torment
 l - a scroll of vulnerability
 p - a scroll of fog
 q - 2 scrolls of magic mapping
 u - 2 scrolls of teleportation
Potions
 j - a potion of brilliance {unknown}
 k - 2 potions of degeneration {unknown}
 v - 2 potions of haste {unknown}
 z - a potion of heal wounds {unknown}


   Skills:
 + Level 5.3 Fighting
 + Level 4.3 Axes
 + Level 4.9 Armour
 + Level 4.9 Shields


You had 6 spell levels left.
You didn't know any spells.
Your spell library contained the following spells:

 Spells                   Type           Power      Damage    Failure   Level
 Shock                    Conj/Air       0%         1d3       83%         1
 Swiftness                Air            0%         N/A       99%         3
 Airstrike                Air            0%         2d(0-16)  100%        4


Dungeon Overview and Level Annotations

Branches:
Dungeon (5/15)             Temple (0/1) D:4

Altars:
Sif Muna


Innate Abilities, Weirdness & Mutations

You have large cloven feet.
You are partially covered in thin metallic scales. (AC +2)
You are partially covered in sharp spines.


Message History

The gnoll bouda is heavily wounded.
You block the gnoll bouda's attack.
A gnoll comes into view. It is wielding a +0 flail.
The gnoll bouda is struck by your spines.
The gnoll bouda closely misses you. The gnoll sergeant barely misses you.
You closely miss the gnoll bouda.
The gnoll bouda is severely wounded.
The gnoll is no longer moving quickly.
The gnoll bouda hits you but does no damage.
The gnoll sergeant hits you from afar with a +0 trident.
You barely miss the gnoll bouda.
The gnoll bouda is severely wounded.
The gnoll bouda hits you with a +0 club.
You block the gnoll sergeant's attack.
You closely miss the gnoll bouda.
The gnoll bouda is severely wounded.
The gnoll is no longer moving quickly.
A hound comes into view.
The gnoll bouda barely misses you. The gnoll sergeant barely misses you.
The gnoll bouda barely misses you.
An iguana comes into view.
The gnoll sergeant hits you from afar with a +0 trident.
The hound moves out of view.
You barely miss the gnoll bouda.
The gnoll bouda is severely wounded.
The gnoll bouda is struck by your spines.
The gnoll bouda barely misses you. You block the gnoll sergeant's attack.
You slash the gnoll bouda!
You kill the gnoll bouda!
The gnoll sergeant hits you from afar with a +0 trident.
* * * LOW HITPOINT WARNING * * *
The gnoll sergeant completely misses you.
You block the gnoll's attack. The gnoll hits you but does no damage.
Things that are here:
a +0 club; a +0 robe; a gnoll corpse You barely miss the gnoll sergeant.
The gnoll sergeant hits you with a +0 trident!
* * * LOW HITPOINT WARNING * * *
The gnoll hits you from afar with a +0 spear.
You die...

......
#.#.##
#<...#
#.#..#
#l# .#
#.# #
#.#
#)#
#@#
#g#


ggg ..g.# ...... #.....## ##.!... ###### You could see a gnoll sergeant (swift),
an iguana and 4 gnolls.

Vanquished Creatures
  The ghost of cheesebisquit the Skirmisher, an amateur MiHu (D:4)
  Sigmund (D:2)
  A kobold brigand (D:4)
  A hound (D:4)
  2 gnoll boudas
  Jessica (D:3)
  2 iguanas (D:4)
  Ijyb (D:3)
  An orc wizard (D:4)
  Robin (D:3)
  An adder (D:3)
  12 gnolls
  A worm (D:2)
  A dart slug (D:1)
  10 orcs
  5 ball pythons
  12 endoplasms
  3 giant cockroaches
  11 hobgoblins
  7 jackals (D:1)
  16 kobolds
  5 quokkas
  4 bats
  3 frilled lizards
  5 goblins
  6 rats
114 creatures vanquished.

Vanquished Creatures (others)
  An orc wizard (D:4)
1 creature vanquished.

Grand Total: 115 creatures vanquished

Notes
Turn   | Place    | Note
-------+----------+-------------------------------------------
     0 | D:1      | BigDaddyOpFi the Demonspawn Fighter began the quest for the
                  | Orb.
     0 | D:1      | Reached XP level 1. HP: 18/18 MP: 1/1
    75 | D:1      | Gained mutation: You are partially covered in sharp spines.
                  | [demonic ancestry]
    75 | D:1      | Reached XP level 2. HP: 13/24 MP: 2/2
   306 | D:1      | Reached XP level 3. HP: 28/29 MP: 3/3
   593 | D:2      | Found a faded altar of an unknown god.
   701 | D:2      | Noticed Sigmund
   716 | D:2      | Killed Sigmund
   717 | D:2      | Reached skill level 4 in Fighting
   717 | D:2      | Reached XP level 4. HP: 16/37 MP: 4/4
   717 | D:2      | Gained mutation: You are partially covered in thin metallic
                  | scales. (AC +2) [demonic ancestry]
   717 | D:2      | Reached XP level 5. HP: 18/42 MP: 5/5
  1698 | D:3      | Noticed Jessica
  1702 | D:3      | Reached XP level 6. HP: 48/48 MP: 6/6
  1710 | D:3      | Killed Jessica
  1840 | D:3      | Noticed Ijyb
  1842 | D:3      | Noticed Robin
  1858 | D:3      | Killed Ijyb
  1864 | D:3      | Killed Robin
  3049 | D:4      | Found a staircase to the Ecumenical Temple.
  3061 | D:4      | Gained mutation: You have large cloven feet. [demonic
                  | ancestry]
  3061 | D:4      | Reached XP level 7. HP: 44/55 MP: 7/7
  3304 | D:4      | Found a runed translucent gate.
  3305 | D:4      | Found a runed translucent gate.
  3305 | D:4      | Noticed cheesebisquit's ghost (amateur MiHu)
  3306 | D:4      | Found a runed translucent gate.
  3343 | D:4      | Found a shimmering blue altar of Sif Muna.
  3496 | D:4      | Killed cheesebisquit's ghost
  3497 | D:4      | Reached skill level 5 in Fighting
  3911 | D:5      | Entered Level 5 of the Dungeon
  3933 | D:5      | HP: 1/56 [gnoll sergeant/+0 trident (13)]
  3933 | D:5      | Slain by a gnoll

Illustrated notes

Levels and vault maps discovered:
D:1:      minmay_arrival_shattered_statue, layout_basic, chequers_mini_garden
D:2:      layout_loops_corners, basic_ecumenical_altar, uniq_sigmund
D:3:      layout_loops_ring, chequers_garden, nicolae_goblin_pals, uniq_jessica
D:4:      nicolae_cairo_tiling_large_dashed, layout_gridville, tgw_sif,
          gammafunk_ghost_nasty_kobolds
D:5:      layout_basic

Skill      XL: |  1  2  3  4  5  6  7 |
---------------+----------------------+-----
Axes           | 2 3 4 |  4.3
Shields        | 3 4 |  4.9
Armour         | 3 4 |  4.9
Fighting       | 4 5 |  5.3

Action                     |  1- 3 |  4- 6 |  7- 9 || total
---------------------------+-------+-------+-------++-------
  Melee: War axe           |    59 |   104 |    53 ||   216
   Fire: Sling             |       |    17 |       ||    17
  Throw: Stone             |    26 |    16 |       ||    42
    Use: Scroll            |       |     7 |       ||     7
         Potion            |       |       |     5 ||     5
   Stab: Invisible         |       |       |     3 ||     3
 Armour: Scale mail        |    20 |    57 |    22 ||    99
  Dodge: Dodged            |    34 |    63 |    43 ||   140
  Block: Buckler           |    20 |    41 |    32 ||    93

Table legend: (Time is in decaauts)
 A = Elapsed time spent in this place.
 B = Non-inter-level travel time spent in this place.
 C = Inter-level travel time spent in this place.
 D = Time resting spent in this place.
 E = Time spent auto-exploring this place.
 F = Levels seen in this place.
 G = Mean time per level.
                   A        B        C        D        E       F      G
               +--------+--------+--------+--------+--------+-----+--------+
         Total |   4041 |   3947 |     94 |    449 |   2819 |   5 |  808.2 |
       Dungeon |   4041 |   3947 |     94 |    449 |   2819 |   5 |  808.2 |
               +--------+--------+--------+--------+--------+-----+--------+

Top non-repeatable levels by time:
     D:4: 1529 daAuts
     D:2: 1037 daAuts
     D:3: 885 daAuts
     D:1: 562 daAuts
     D:5: 26 daAuts
